 Dungeon Crawl Stone Soup version 0.18-a0-952-g309898a (webtiles) character file.

711 M4edhros the Sneak (level 7, -1/43 HPs)
             Began as an Octopode Artificer on Dec 31, 2015.
             Slain by a gnoll
             ... wielding a +0 spear of flaming
              (8 damage)
             ... on level 5 of the Dungeon.
             The game lasted 00:06:58 (4068 turns).

M4edhros the Sneak (Octopode Artificer)             Turns: 4068, Time: 00:06:59

Health: -1/43      AC:  1    Str:  7 (11) XL:     7   Next: 68%
Magic:  10/10      EV: 14    Int: 16      God:
Gold:   207        SH:  0    Dex: 12      Spells: 0 memorised, 6 levels left

rFire  . . .     SeeInvis .     s - +0 rapier
rCold  . . .     Gourm    .     (no shield)
rNeg   . . .     Faith    .     (helmet restricted)
rPois  .         Spirit   .     (no amulet)
rElec  .         Dismiss  .     (no ring)
rCorr  .         Reflect  .     (no ring)
SustAt .         Harm     .     (no ring)
MR     .....                    (no ring)
Stlth  +++++.....               (no ring)
                                (no ring)
                                (no ring)
                                (no ring)

@: drained, not resistant to hostile enchantments, quite stealthy
A: almost no armour, amphibious, 8 rings, constrict 8, camouflage 1, gelatinous
body 1
a: no special abilities


You were on level 5 of the Dungeon.
You were hungry.

You visited 1 branch of the dungeon, and saw 6 of its levels.

You collected 207 gold pieces.

Inventory:

Hand Weapons
 s - a +0 rapier (weapon)
Missiles
 e - 42 sling bullets
 g - 16 sling bullets of frost
 l - 110 stones (quivered)
 w - a throwing net
Magical Staves
 A - an uncursed staff of fire
Wands
 b - a wand of flame (8/48)
 c - a wand of enslavement (13/24)
 d - a wand of random effects (1/48)
 o - a wand of disintegration (12/24)
 r - a wand of slowing (16/48)
Scrolls
 i - 2 scrolls of amnesia {unknown}
 k - 3 scrolls of remove curse {unknown}
 m - 2 scrolls of identify {unknown}
 q - a scroll of immolation {unknown}
 v - a scroll of enchant armour {unknown}
 y - a scroll of blinking {unknown}
Potions
 a - a potion of agility {unknown}
 j - a potion of might {unknown}
 n - a potion of ambrosia
 x - a potion of curing
 B - 2 potions of cure mutation {unknown}
Comestibles
 f - 5 bread rations
 h - 6 fruits
 p - 2 meat rations
 t - a slice of pizza


   Skills:
 - Level 1.0(0.7) Fighting
 - Level 1.0(0.7) Short Blades
 * Level 5.8(5.6) Dodging
 * Level 7.3(7.0) Stealth
 + Level 4.8(4.5) Evocations


You had 6 spell levels left.
You didn't know any spells.

Dungeon Overview and Level Annotations

Branches:
Dungeon (6/15)
 Temple: D:4-7

Altars:
Ashenzari
Elyvilon
Gozag
Nemelex Xobeh
Sif Muna
The Shining One


Innate Abilities, Weirdness & Mutations

You cannot wear most types of armour.
You are amphibious.
You can wear up to eight rings at the same time.
You can use your tentacles to constrict eight enemies at once.
Your skin changes colour to match your surroundings (Stealth).
Your rubbery body absorbs attacks (AC +1).


Message History

You hit the gnoll but do no damage.
You constrict the gnoll, but do no damage.
The gnoll hits you with a club!
The gnoll hits you from afar with a spear of flaming.
The gnoll burns you.
You hit the gnoll but do no damage. You squeeze the gnoll.
The gnoll is heavily wounded.
You constrict the gnoll. The gnoll hits you with a club.
The gnoll hits you from afar with a spear of flaming.
The gnoll burns you. The gnoll hits you with a club!
* * * LOW HITPOINT WARNING * * *
You hit the gnoll.
The gnoll is almost dead.
You constrict the gnoll. The gnoll misses you.
The phantom blinks!
The gnoll hits you with a club.
* * * LOW HITPOINT WARNING * * *
You hit the gnoll.
You kill the gnoll!
The gnoll hits you from afar with a spear of flaming!
You die...

.....## ###.###
......# #.#
g.....# #.#
......# #[#
..g...# #.#
......### #ยง#
........# #g#
...<###.## #)#
...## #..# #@#
...# ##.#### #)#
...#####....# #.#
............## #.#
.#.#.#.#.#.#.###.#
(.........W..##..#
#.#.#.#.#.#.#.#.##
..............#.#
.#.#.#.#.#.#.#).#


You could see a gnoll.

Vanquished Creatures
  A centaur (D:5)
  A giant frog (D:6)
  A crimson imp (D:5)
  A giant frog skeleton (D:4)
  A centaur zombie (D:6)
  2 orc priests
  2 iguanas (D:5)
  3 orc wizards
  A centaur skeleton (D:4)
  2 hounds (D:4)
  2 gnolls (D:5)
  A shadow imp (D:5)
  5 adders
  An ooze (D:1)
  An adder zombie (D:6)
  An adder skeleton (D:5)
  3 giant geckos
  7 orcs
  2 bats (D:1)
  2 giant cockroaches
  4 hobgoblins
  3 kobolds (D:1)
  2 quokkas
  A ball python (D:1)
  A giant cockroach zombie (D:5)
  2 giant newts
  A jackal skeleton (D:4)
  A rat (D:1)
55 creatures vanquished.

Vanquished Creatures (collateral kills)
  An orc wizard (D:5)
  A giant frog zombie (D:5)
  A worker ant (D:5)
  A worker ant zombie (D:5)
  A worm (D:5)
  2 orcs (D:5)
7 creatures vanquished.

Grand Total: 62 creatures vanquished

Notes
Turn   | Place    | Note
--------------------------------------------------------------
     0 | D:1      | M4edhros the Octopode Artificer began the quest for the Orb.
     0 | D:1      | Reached XP level 1. HP: 13/13 MP: 3/3
   189 | D:1      | Reached XP level 2. HP: 13/18 MP: 4/4
   726 | D:2      | Reached XP level 3. HP: 23/23 MP: 5/5
   758 | D:2      | Found a shattered altar of Ashenzari.
   930 | D:4      | Found a white marble altar of Elyvilon.
  1007 | D:4      | Reached XP level 4. HP: 28/28 MP: 6/6
  1185 | D:4      | Found a glowing golden altar of the Shining One.
  1196 | D:4      | Reached skill level 4 in Stealth
  1336 | D:4      | Reached XP level 5. HP: 3/33 MP: 7/7
  1769 | D:4      | Found a deep blue altar of Sif Muna.
  1809 | D:5      | Entered Level 5 of the Dungeon
  1927 | D:5      | Noticed a centaur
  2141 | D:5      | Killed a centaur
  2141 | D:5      | Reached skill level 5 in Stealth
  2141 | D:5      | Reached XP level 6. HP: 21/38 MP: 9/9
  2818 | D:5      | Reached skill level 6 in Stealth
  3127 | D:5      | Reached skill level 5 in Dodging
  3130 | D:5      | Reached XP level 7. HP: 37/43 MP: 10/10
  3387 | D:6      | Found a sparkling altar of Nemelex Xobeh.
  3388 | D:6      | Found an opulent altar of Gozag.
  3701 | D:6      | Reached skill level 7 in Stealth
  4068 | D:5      | Slain by a gnoll

Vault maps used:
D:1:      evilmike_arrival_crescent
D:2:      amethyst_overflow_temple_binary, okawaru_trees_2,
          nicolae_overflow_hidden_temple, evilmike_ruin_ashenzari,
          fedhas_altar_fruit_tree
D:3:      nemelex_deck
D:4:      lemuel_blue_sif_altar, lemuel_crystal_altar, kennysheep_little_box,
          first_bread, hex_medium
D:5:      minmay_misc_feat_roman, hex_large
D:6:      grunt_temple_overflow_opulence

Action                   |  1- 3 |  4- 6 |  7- 9 || total
-------------------------+-------+-------+-------++-------
Melee: Short sword       |    39 |    12 |       ||    51
       Rapier            |       |    47 |    57 ||   104
Evoke: Wand              |     5 |    11 |     7 ||    23
  Use: Potion            |       |       |     4 ||     4
 Stab: Sleeping          |     6 |     5 |     2 ||    13
       Confused          |       |     3 |       ||     3
  Eat: Chunk             |       |     4 |       ||     4
       Meat ration       |       |     1 |       ||     1
